 Dungeon Crawl Stone Soup version 0.30-a0-778-g2ef04afb54 (webtiles) character file.

Game seed: 2246537888083952564

1917 Pimp the Sneak (level 8, -6/51 (62) HPs)
             Began as a Demonspawn Monk on Feb 16, 2023.
             Mangled by a wight
             ... wielding a +1 scimitar
              (10 damage)
             ... on level 6 of the Dungeon.
             The game lasted 00:16:24 (6051 turns).

Pimp the Sneak (Demonspawn Monk)                    Turns: 6051, Time: 00:16:24

HP:   -6/51 (62)    AC: 11    Str: 13    XL:     8   Next: 95%
MP:   8/8           EV:  7    Int: 12    God:
Gold: 264           SH:  0    Dex: 16    Spells: 7/7 levels left

rFire   . . .      SeeInvis +    p - +2 dagger (drain)
rCold   . . .      Faith    .    (no shield)
rNeg    . . .      Spirit   .    B - +0 chain mail of the Grinning Gods {rElec Slay+2 SInv}
rPois   +          Reflect  .    (helmet restricted)
rElec   +          Harm     .    f - scarf {shadows}
rCorr   .          Rampage  .    (no gloves)
Will    +....                    (no boots) Stlth
                                 (no amulet)
HPRegen 0.28/turn                g - ring of willpower
MPRegen 0.11/turn                z - ring of poison resistance

@: heavily drained
A: horns 1, slimy green scales 1, powered by death 1
a: no special abilities


You were on level 6 of the Dungeon.
You visited 1 branch of the dungeon, and saw 6 of its levels.

You collected 264 gold pieces.

Inventory:

Hand Weapons
 a - a +0 falchion
 m - a +3 dagger
 p - a +2 dagger of draining (weapon)
Missiles
 b - 3 boomerangs (quivered)
 l - 3 javelins
 w - 2 poisoned darts
 y - 6 atropa-tipped darts
Armour
 f - a scarf of shadows (worn)
 h - a +0 cloak
 B - the +0 chain mail of the Grinning Gods (worn) {rElec Slay+2 SInv}
   (You found it on level 6 of the Dungeon)

   Slay:      It affects your accuracy & damage with ranged weapons and melee
   (+2).
   rElec:     It insulates you from electricity.
   SInv:      It lets you see invisible.
Jewellery
 e - a ring of resist corrosion
 g - a ring of willpower (left hand)
 i - a ring of willpower
 s - a ring of see invisible
 t - a ring of fire
 z - a ring of poison resistance (right hand)
 A - a ring of willpower
Scrolls
 d - 4 scrolls of enchant weapon {unknown}
 k - 4 scrolls of identify
 n - a scroll of magic mapping
 o - a scroll of poison {unknown}
 u - 2 scrolls of teleportation
 x - a scroll of blinking {unknown}
Potions
 c - a potion of ambrosia
 j - a potion of flight
 q - 3 potions of curing
 r - a potion of lignification {unknown}
 v - 2 potions of degeneration {unknown}


   Skills:
 + Level 5.1 Fighting
 + Level 5.6(6.2) Short Blades
 + Level 3.6(5.1) Long Blades
 + Level 1.6 Throwing
 + Level 3.2 Armour
 + Level 4.8 Dodging
 + Level 5.8 Stealth


You had 7 spell levels left.
You didn't know any spells.
Your spell library contained the following spells:

 Spells                   Type           Power      Damage    Failure   Level
 Summon Small Mammal      Summ           0%         N/A       100%        1
 Sublimation of Blood     Necr           0%         N/A       100%        2
 Wereblood                Tmut           0%         N/A       100%        2
 Call Canine Familiar     Summ           0%         N/A       100%        3
 Stone Arrow              Conj/Erth      0%         3d7       100%        3
 Summon Guardian Golem    Hex/Summ       0%         N/A       100%        3
 Animate Armour           Summ/Erth      0%         N/A       100%        4
 Summon Hydra             Summ           0%         N/A       100%        7
 Lehudib's Crystal Spear  Conj/Erth      0%         10d2      100%        8


Dungeon Overview and Level Annotations

Branches:
Dungeon (6/15)
 Temple: D:4-7

Altars:
Dithmenos
Gozag
Ru
Wu Jian

Shops:
D:3 !   D:4 (


Innate Abilities, Weirdness & Mutations

You have a pair of small horns on your head.
You are partially covered in slimy green scales. (AC +2)
You regenerate a little health from kills.


Message History

The wight attacks as you move away! The wight barely misses you.
You hit the wight but do no damage. You punch the wight, but do no damage.
The wight misses you.
You closely miss the wight. The wight hits you with a +0 falchion.
You feel drained.
You closely miss the wight. You headbutt the wight!
The wight is moderately damaged.
You hit the wight.
The wight is heavily damaged.
The wight hits you with a +0 falchion.
You feel drained.
You hit the wight but do no damage.
You headbutt the wight, but do no damage.
The wight is heavily damaged.
The wight hits you with a +0 falchion.
You hit the wight. You headbutt the wight.
You destroy the wight!
The wight hits you with a +0 falchion.
You feel drained.
Things that are here:
a +0 falchion; a +0 robe You barely miss the wight.
The wight hits you with a +1 scimitar!
You feel drained. The wight hits you but does no damage.
The wight attacks as you move away! The wight hits you with a +1 scimitar!
The wight attacks as you move away! The wight hits you with a +0 falchion.
You feel drained.
You closely miss the wight. The wight hits you but does no damage.
You barely miss the wight. You headbutt the wight.
The wight is heavily damaged.
You hit the wight but do no damage.
You headbutt the wight, but do no damage.
The wight is heavily damaged.
The wight hits you with a +1 scimitar.
* * * LOW HITPOINT WARNING * * *
You feel drained.
* * * LOW HITPOINT WARNING * * *
You puncture the wight!
The wight is almost destroyed.
The wight hits you with a +1 scimitar!
* * * LOW HITPOINT WARNING * * *
The wight attacks as you move away! The wight hits you with a +1 scimitar!
You die...

######### ......@.#
.########z#
........#z###
............#
#######.#.#.#########
.............>......
######.#.#.##.######
...#.#.##.#
....##.#.##.#


You could see 2 wights.

Vanquished Creatures
  Grinder (D:3)
  A water moccasin (D:4)
  3 sky beasts (D:6)
  An ice beast (D:5)
  A black bear (D:6)
  2 orc warriors
  An ogre (D:5)
  5 phantoms
  A bullfrog (D:4)
  A scorpion (D:6)
  A wight (D:6)
  A howler monkey (D:5)
  2 hounds
  2 iguanas (D:6)
  2 orc wizards
  7 adders
  A shadow imp (D:5)
  A white imp (D:6)
  2 worms (D:2)
  2 dart slugs
  8 orcs
  7 ball pythons
  10 bats
  7 endoplasms
  7 giant cockroaches
  4 goblins
  9 hobgoblins
  6 kobolds
  9 quokkas
  4 frilled lizards
  6 rats
115 creatures vanquished.

Vanquished Creatures (others)
  3 fungi (D:2)
  4 plants (D:2)
7 creatures vanquished.

Grand Total: 122 creatures vanquished

Notes
Turn   | Place    | Note
-------+----------+-------------------------------------------
     0 | D:1      | Pimp the Demonspawn Monk began the quest for the Orb.
     0 | D:1      | Reached XP level 1. HP: 18/18 MP: 1/1
   313 | D:1      | Gained mutation: You have a pair of small horns on your
                  | head. [demonic ancestry]
   313 | D:1      | Reached XP level 2. HP: 19/24 MP: 2/2
   656 | D:1      | Reached XP level 3. HP: 29/29 MP: 3/3
  1157 | D:2      | Found a faded altar of an unknown god.
  1828 | D:2      | Gained mutation: You regenerate a little health from kills.
                  | [demonic ancestry]
  1828 | D:2      | Reached XP level 4. HP: 35/35 MP: 4/4
  2212 | D:3      | Found Xublary's Distillery.
  2434 | D:3      | Noticed Grinder
  2468 | D:3      | Paralysed by Grinder for 2 turns
  2481 | D:3      | Paralysed by Grinder for 3 turns
  2485 | D:3      | Killed Grinder
  2486 | D:3      | Reached XP level 5. HP: 25/42 MP: 5/5
  2486 | D:3      | Reached XP level 6. HP: 28/48 MP: 6/6
  3054 | D:4      | Found Axairiac's Weapon Shop.
  3069 | D:4      | Noticed a water moccasin
  3075 | D:4      | Killed a water moccasin
  3076 | D:4      | Gained mutation: You are partially covered in slimy green
                  | scales. (AC +2) [demonic ancestry]
  3076 | D:4      | Reached XP level 7. HP: 54/54 MP: 7/7
  3351 | D:4      | Found a sacrificial altar of Ru.
  3465 | D:4      | You fall into a shaft and drop 1 floor!
  3465 | D:5      | Entered Level 5 of the Dungeon
  4083 | D:5      | Found an opulent altar of Gozag.
  4084 | D:5      | Found an ornate altar of the Wu Jian Council.
  4086 | D:5      | Found a shadowy altar of Dithmenos.
  4257 | D:5      | Reached XP level 8. HP: 61/61 MP: 8/8
  4742 | D:6      | Reached skill level 5 in Stealth
  4751 | D:6      | Identified the +0 chain mail of the Grinning Gods {rElec
                  | Slay+2 SInv}
  5031 | D:6      | Reached skill level 5 in Short Blades
  5262 | D:6      | Reached skill level 5 in Fighting
  5262 | D:6      | Reached skill level 1 in Armour
  5328 | D:6      | Reached skill level 1 in Throwing
  6051 | D:6      | Mangled by a wight

Illustrated notes

Levels and vault maps discovered:
D:1:      kilobyte_arrival_exit_the_forest, layout_rooms,
          chequers_serial_rivers_micro_b, minmay_heptomino_w4
D:2:      minmay_razor_zed, layout_basic,
          shapermc_ecumenical_altar_mp_urbaneastern
D:3:      layout_rooms, serial_shops, shop, uniq_grinder
D:4:      layout_loops_corners, mainiacjoe_overflow_concentric_impassable,
          minmay_temple_entry_metal_lava, serial_shops, shop,
          kennysheep_decorative_pillar
D:5:      layout_basic, grunt_temple_overflow_open
D:6:      layout_basic

Skill      XL: |  1  2  3  4  5  6  7  8 |
---------------+-------------------------+-----
Long Blades    | 3 |  3.6
Dodging        | 3 4 |  4.8
Stealth        | 2 3 4 5 |  5.8
Short Blades   | 2 3 4 5 |  5.6
Fighting       | 4 5 |  5.1
Armour         | 3 |  3.2
Throwing       | 1 |  1.6

Action                     |  1- 3 |  4- 6 |  7- 9 || total
---------------------------+-------+-------+-------++-------
  Melee: Falchion          |   100 |       |       ||   100
         Headbutt          |    18 |    21 |    48 ||    87
         Dagger            |    22 |   137 |   211 ||   370
         Punch             |     1 |     2 |     5 ||     8
  Throw: Javelin           |       |     2 |     6 ||     8
         Dart              |       |       |     5 ||     5
         Boomerang         |       |       |     5 ||     5
    Use: Scroll            |     4 |     3 |       ||     7
         Potion            |     5 |     4 |     1 ||    10
   Stab: Sleeping          |     6 |    10 |     2 ||    18
 Armour: Robe              |    30 |    15 |     6 ||    51
         Chain mail        |       |       |    45 ||    45
  Dodge: Dodged            |   121 |    68 |    96 ||   285

Table legend: (Time is in decaauts)
 A = Elapsed time spent in this place.
 B = Non-inter-level travel time spent in this place.
 C = Inter-level travel time spent in this place.
 D = Time resting spent in this place.
 E = Time spent auto-exploring this place.
 F = Levels seen in this place.
 G = Mean time per level.
                   A        B        C        D        E       F      G
               +--------+--------+--------+--------+--------+-----+--------+
         Total |   6002 |   5704 |    298 |    615 |   3757 |   6 | 1000.3 |
       Dungeon |   6002 |   5704 |    298 |    615 |   3757 |   6 | 1000.3 |
               +--------+--------+--------+--------+--------+-----+--------+

Top non-repeatable levels by time:
     D:5: 1477 daAuts
     D:2: 1078 daAuts
     D:1: 1022 daAuts
     D:6: 874 daAuts
     D:4: 867 daAuts
     D:3: 681 daAuts
